 Dungeon Crawl Stone Soup version 0.18.1-48-g4cf74bf (webtiles) character file.

1439 dvd the Shield-Bearer (level 8, -5/71 HPs)
             Began as a Minotaur Fighter on Aug 29, 2016.
             Slain by an orc warrior
             ... wielding a +0 battleaxe
              (19 damage)
             ... on level 5 of the Dungeon.
             The game lasted 00:12:20 (4446 turns).

dvd the Shield-Bearer (Minotaur Fighter)            Turns: 4446, Time: 00:12:21

Health: -5/71      AC: 14    Str: 21    XL:     8   Next: 45%
Magic:  7/7        EV:  7    Int:  5    God:    Xom [..*...]
Gold:   293        SH: 11    Dex: 12    Spells: 0 memorised, 7 levels left

rFire  . . .     SeeInvis .     a - +0 long sword
rCold  . . .     Gourm    .     B - +0 plate armour
rNeg   . . .     Faith    .     c - +1 shield
rPois  .         Spirit   .     (helmet restricted)
rElec  .         Dismiss  .     (no cloak)
rCorr  .         Reflect  .     (no gloves)
SustAt .         Harm     .     o - +0 pair of boots
MR     .....                    (no amulet)
Stlth  ..........               (no ring)
                                l - ring of stealth

@: not resistant to hostile enchantments, extremely unstealthy
A: retaliatory headbutt, horns 2
a: Renounce Religion


You were on level 5 of the Dungeon.
You worshipped Xom.
You were a toy of Xom.
You were not hungry.

You visited 2 branches of the dungeon, and saw 6 of its levels.

You collected 293 gold pieces.

Inventory:

Hand Weapons
 a - a +0 long sword (weapon)
 e - a +1 flail of holy wrath
 p - a +0 war axe
Armour
 b - a +0 scale mail
 c - a +1 shield (worn)
 o - a +0 pair of boots (worn)
 B - a +0 plate armour (worn)
 E - a +3 leather armour
Jewellery
 l - a ring of stealth (left hand)
Wands
 d - a wand of random effects (33/48)
 r - a wand of digging (21/24)
 v - a wand of random effects (23/48)
Scrolls
 n - a scroll of recharging
Potions
 q - 2 potions of lignification
 s - 2 potions of heal wounds {unknown}
 u - a potion of flight {unknown}
 w - 2 potions of beneficial mutation {unknown}
 x - a potion of curing
 z - a potion of degeneration {unknown}
Books
 C - a Grand Grimoire

   Spells                             Type                      Level
   a - Monstrous Menagerie            Summoning                    7
   b - Summon Greater Demon           Summoning                    7
   c - Malign Gateway                 Summoning/Translocation      7
   d - Summon Horrible Things         Summoning                    8
Comestibles
 f - 2 bread rations
 g - 4 chunks of flesh
 i - 3 beef jerkies
 j - 3 meat rations


   Skills:
 + Level 6.3 Fighting
 + Level 5.6 Long Blades
 + Level 6.8 Armour
 + Level 5.2 Dodging
 + Level 0.1 Stealth
 + Level 6.9 Shields


You had 7 spell levels left.
You didn't know any spells.

Dungeon Overview and Level Annotations

Branches:
Dungeon (5/15)             Temple (1/1) D:5

Altars:
Ashenzari
Dithmenos
Elyvilon
Gozag
Kikubaaqudgha
Okawaru
Pakellas
Ru
Sif Muna
Trog
Vehumet
Xom
Yredelemnul
Zin
The Shining One


Innate Abilities, Weirdness & Mutations

You reflexively headbutt those who attack you in melee.
You have a pair of horns on your head.


Message History

The orc hits you with a whip.
* * * LOW HITPOINT WARNING * * *
You almost hear Xom's maniacal laughter.
A monocle briefly appears over your right eye.
You see here a leather armour.
Unknown command.
You see here 2 stones.
You closely miss the orc. You block the orc's attack.
You slash the orc!
You kill the orc!
You block the orc warrior's attack.
You completely miss the orc warrior.
The orc warrior is almost dead.
You block the orc warrior's attack.
Items here: ( ))))) [ รท You barely miss the orc.
You closely miss the orc warrior. Your headbutt misses the orc warrior.
The orc warrior is almost dead.
The orc warrior hits you with a battleaxe!!
You die...

#)..# #...# ..
#.(.###...###..
##(............
#.(......... #((........
##### #(.###...# .....
###..# #...# ..... #####
##....###().###. .....
#...######...#.@oo........
.....
####........#####.........
..... ####...###
###....... ..... ##..#
#...... ..... #..# .
...... ..... #..## ##..
...... ..... ##..# ##....
...... .... #..##..... ...
... #......# ...


You could see an orc warrior and an orc.

Vanquished Creatures
  Grinder (D:3)
  Sigmund (D:4)
  Eustachio (D:4)
  The ghost of mopl the Sneak, an amateur VSWn (D:4)
  A phantom (D:4)
  2 scorpions
  A howler monkey (D:4)
  A jelly (D:5)
  3 orc priests
  A giant frog skeleton (D:4)
  2 hounds
  4 orc wizards
  Ijyb (D:3)
  A worker ant (D:4)
  Natasha (D:3)
  Robin (D:3)
  7 gnolls
  3 adders
  5 worms
  A dart slug (D:2)
  3 giant geckos
  15 orcs
  4 ball pythons
  6 bats
  3 giant cockroaches
  10 goblins
  12 hobgoblins
  4 jackals (D:2)
  8 kobolds
  5 quokkas
  11 giant newts
  10 rats
130 creatures vanquished.

Notes
Turn   | Place    | Note
--------------------------------------------------------------
     0 | D:1      | dvd the Minotaur Fighter began the quest for the Orb.
     0 | D:1      | Reached XP level 1. HP: 19/19 MP: 0/0
   100 | D:1      | Reached XP level 2. HP: 17/27 MP: 1/1
   658 | D:2      | Reached XP level 3. HP: 30/33 MP: 2/2
   782 | D:2      | Reached skill level 1 in Dodging
  1241 | D:2      | Found a glowing golden altar of the Shining One.
  1371 | D:3      | Noticed Ijyb
  1379 | D:3      | Killed Ijyb
  1379 | D:3      | Reached XP level 4. HP: 35/40 MP: 3/3
  1528 | D:3      | Noticed Grinder
  1547 | D:3      | Killed Grinder
  1547 | D:3      | Reached skill level 5 in Fighting
  1547 | D:3      | Reached skill level 5 in Shields
  1547 | D:3      | Reached XP level 5. HP: 4/48 MP: 4/4
  1547 | D:3      | Reached XP level 6. HP: 5/56 MP: 5/5
  1843 | D:3      | Noticed Robin
  1861 | D:3      | Killed Robin
  2251 | D:3      | Noticed Natasha
  2255 | D:3      | Killed Natasha
  2527 | D:4      | Noticed Sigmund
  2559 | D:4      | HP: 2/56 [something (11)]
  2564 | D:4      | Killed Sigmund
  2564 | D:4      | Reached skill level 5 in Armour
  2564 | D:4      | Reached XP level 7. HP: 4/61 MP: 6/6
  3021 | D:4      | Noticed Eustachio
  3025 | D:4      | Noticed mopl's ghost (amateur VSWn)
  3060 | D:4      | Killed mopl's ghost
  3073 | D:4      | Killed Eustachio
  3073 | D:4      | Reached skill level 5 in Long Blades
  3249 | D:4      | Reached XP level 8. HP: 66/70 MP: 7/7
  3769 | D:5      | Entered Level 5 of the Dungeon
  3777 | D:5      | Reached skill level 5 in Dodging
  3843 | D:5      | Found a staircase to the Ecumenical Temple.
  3854 | Temple   | Entered the Ecumenical Temple
  3878 | Temple   | Became a worshipper of Xom of Chaos
  4009 | Temple   | XOM: divination: magic mapping
  4439 | D:5      | XOM: silly message
  4446 | D:5      | Slain by an orc warrior

Skill      XL: |  1  2  3  4  5  6  7  8 |
---------------+-------------------------+-----
Shields        | 4 5 6 |  6.9
Fighting       | 4 5 6 |  6.3
Dodging        | 1 2 3 4 5 |  5.2
Long Blades    | 3 4 5 |  5.6
Armour         | 4 5 6 |  6.8
Stealth        | |  0.1

Action                   |  1- 3 |  4- 6 |  7- 9 || total
-------------------------+-------+-------+-------++-------
Melee: Long sword        |   132 |   114 |   183 ||   429
       Headbutt          |    18 |    18 |    32 ||    68
  Use: Potion            |       |     5 |     2 ||     7
       Scroll            |       |       |     8 ||     8
  Eat: Chunk             |     2 |     3 |     7 ||    12
Armor: Scale mail        |    58 |    26 |    52 ||   136
       Plate armour      |       |       |    60 ||    60
       Skin              |       |       |    24 ||    24
Dodge: Dodged            |    35 |    29 |    66 ||   130
Block: Shield            |    69 |    45 |   141 ||   255
